 Dungeon Crawl Stone Soup version 0.27-a0-1202-ge72e49191c (webtiles) character file.

Game seed: 4641988711139130489

349 lightspider the Skirmisher (level 6, -1/56 HPs)
             Began as a Minotaur Berserker on June 3, 2021.
             Was a Believer of Trog.
             Slain by a gnoll
             ... wielding a +0 halberd
              (11 damage)
             ... on level 4 of the Dungeon.
             The game lasted 00:06:40 (3930 turns).

lightspider the Skirmisher (Minotaur Berserker)     Turns: 3930, Time: 00:06:41

Health: -1/56      AC:  7    Str: 23    XL:     6   Next: 33%
Magic:  5/5        EV: 11    Int:  4    God:    Trog [**....]
Gold:   110        SH:  3    Dex: 10    Spells: 5/5 levels left

rFire    . . .     SeeInvis .   a - +0 hand axe
rCold    . . .     Faith    .   h - +0 buckler
rNeg     . . .     Spirit   .   t - +0 ring mail
rPois    .         Reflect  .   (helmet restricted)
rElec    .         Harm     .   (no cloak)
rCorr    .         Rampage  .   (no gloves)
Will     .....                  i - +0 pair of boots
Stlth    ..........             (no amulet)
HPRegen  0.18/turn              (no ring)
MPRegen  0.09/turn              (no ring)

@: no status effects
A: horns 2, retaliatory headbutt
a: Renounce Religion, Berserk, Trog's Hand


You were on level 4 of the Dungeon.
You worshipped Trog.
Trog was pleased with you.
You visited 1 branch of the dungeon, and saw 4 of its levels.

You collected 110 gold pieces.

Inventory:

Hand Weapons
 a - a +0 hand axe (weapon)
Missiles
 u - 20 poisoned darts
Armour
 b - a +0 animal skin
 h - a +0 buckler (worn)
 i - a +0 pair of boots (worn)
 t - a +0 ring mail (worn)
Jewellery
 f - a +4 ring of protection
 l - an amulet of the acrobat
 q - a ring of resist corrosion
Wands
 s - a wand of charming (7)
Scrolls
 c - 2 scrolls of immolation {unknown}
 d - 5 scrolls of identify {unknown}
 j - a scroll of teleportation {unknown}
 m - 2 scrolls of enchant armour {unknown}
 n - a scroll of vulnerability {unknown}
 p - a scroll of enchant weapon {unknown}
Potions
 e - 2 potions of heal wounds {unknown}
 g - a potion of lignification {unknown}
 k - 2 potions of flight {unknown}
 o - a potion of brilliance {unknown}
 r - 2 potions of haste {unknown}


   Skills:
 + Level 5.3 Fighting
 + Level 5.2 Axes
 + Level 4.6 Armour
 + Level 4.0 Dodging


You had 5 spell levels left.
You didn't know any spells.
Your spell library was empty.

Dungeon Overview and Level Annotations

Branches:
Dungeon (4/15)
 Temple: D:4-7

Altars:
Ru
Vehumet


Innate Abilities, Weirdness & Mutations

You have a pair of horns on your head.
You reflexively headbutt those who attack you in melee.


Message History

The gnoll hits you from afar with a +0 halberd.
The gnoll barely misses you. The iguana misses you.
The hobgoblin drinks a potion.
The hobgoblin goes berserk!
The iguana barely misses you. The gnoll completely misses you.
The gnoll splashes around in the water.
The hobgoblin rages.
You closely miss the iguana. You headbutt the iguana.
You kill the iguana!
Trog accepts your kill. The gnoll barely misses you.
Your Dodging skill increases to level 4!
The gnoll hits you with a +0 spear. The gnoll closely misses you.
You slash the gnoll!
The gnoll is severely wounded.
The gnoll hits you with a +0 spear.
The gnoll hits you from afar with a +0 halberd.
You closely miss the gnoll. You headbutt the gnoll.
The gnoll is almost dead.
You block the gnoll's attack. x2; The gnoll hits you but does no damage.
You closely miss the gnoll. You headbutt the gnoll.
You kill the gnoll!
Trog accepts your kill.
The gnoll hits you from afar with a +0 halberd.
You hit the hobgoblin.
The hobgoblin is heavily wounded.
The hobgoblin barely misses you. The gnoll hits you but does no damage.
The hobgoblin hits you.
You hit the hobgoblin. You headbutt the hobgoblin.
You kill the hobgoblin!
Trog accepts your kill. The gnoll barely misses you.
You hit the gnoll but do no damage.
The gnoll hits you from afar with a +0 halberd!
* * * LOW HITPOINT WARNING * * *
The gnoll hits you with a +0 club.
* * * LOW HITPOINT WARNING * * *
You hit the gnoll.
The gnoll is moderately wounded.
The gnoll hits you from afar with a +0 halberd!
You die...

..........# ..
#........# P
#........# ♣.
#........# ♣.
#........# ≈♣♣♣..
#........# ♣.....#
#........#
.......####...#.####
.....≈.)gg@.....#
.....≈≈)≈##...#.#
....P♣≈≈≈###.##.#
.....≈.P## ####.#
#...##### #.# ##+#
#.# #.# #.# #.# #.#
######.###### #.#


You could see 2 gnolls.

Vanquished Creatures
  An ogre (D:4)
  2 hounds
  A gnoll shaman (D:4)
  2 iguanas (D:4)
  2 gnolls (D:4)
  3 adders
  An adder skeleton (D:4)
  2 dart slugs
  An orc (D:3)
  3 bats
  4 endoplasms
  5 giant cockroaches
  6 goblins
  4 hobgoblins
  11 jackals
  3 kobolds
  2 quokkas (D:2)
  7 ball pythons
  4 frilled lizards
  5 rats
69 creatures vanquished.

Vanquished Creatures (others)
  7 plants (D:4)
7 creatures vanquished.

Grand Total: 76 creatures vanquished

Notes
Turn   | Place    | Note
-------+----------+-------------------------------------------
     0 | D:1      | lightspider the Minotaur Berserker began the quest for the
                  | Orb.
     0 | D:1      | Reached XP level 1. HP: 19/19 MP: 0/0
   295 | D:1      | Reached XP level 2. HP: 22/27 MP: 1/1
   688 | D:1      | Found a faded altar of an unknown god.
   704 | D:1      | Found a faded altar of an unknown god.
  1177 | D:2      | Reached XP level 3. HP: 31/33 MP: 2/2
  1326 | D:2      | Reached ** piety under Trog
  1781 | D:3      | Reached XP level 4. HP: 19/40 MP: 3/3
  2212 | D:3      | Found a radiant altar of Vehumet.
  3058 | D:4      | Reached XP level 5. HP: 45/47 MP: 4/4
  3071 | D:4      | Found a sacrificial altar of Ru.
  3089 | D:4      | Noticed an ogre
  3096 | D:4      | Killed an ogre
  3097 | D:4      | Reached skill level 5 in Fighting
  3113 | D:3      | Reached skill level 5 in Axes
  3534 | D:4      | Reached XP level 6. HP: 30/56 MP: 5/5
  3930 | D:4      | Slain by a gnoll

Illustrated notes

Levels and vault maps discovered:
D:1:      dpeg_arrival_erosion, layout_loops_ring,
          hellmonk_ecumenical_altar_the_god_not_taken, minmay_hexomino_c4
D:2:      layout_loops_ring
D:3:      layout_basic, nicolae_overflow_hidden_temple
D:4:      layout_loops_corners, nicolae_ru_awakened_eye,
          cheibrodos_sewer_entry_bend, serial_bayou, serial_bayou_pond_d,
          serial_bayou_pond_a, serial_bayou_pond_d, serial_bayou_ford_a,
          serial_bayou_pond_a, serial_bayou_pond_a,
          hangedman_abyss_or_decor_stagger, kennysheep_generic_room_10

Skill      XL: |  1  2  3  4  5  6 |
---------------+-------------------+-----
Axes           | 4 5 |  5.2
Fighting       | 4 5 |  5.3
Armour         | 3 4 |  4.6
Dodging        | 3 4 |  4.0

Action                   |  1- 3 |  4- 6 || total
-------------------------+-------+-------++-------
Melee: Hand axe          |   104 |    77 ||   181
       Headbutt          |     9 |    16 ||    25
Invok: Berserk           |     2 |     3 ||     5
 Stab: Sleeping          |     1 |       ||     1
Armor: Animal skin       |    30 |    13 ||    43
       Ring mail         |       |    11 ||    11
Dodge: Dodged            |    66 |    51 ||   117
Block: Buckler           |     8 |    11 ||    19

Table legend: (Time is in decaauts)
 A = Elapsed time spent in this place.
 B = Non-inter-level travel time spent in this place.
 C = Inter-level travel time spent in this place.
 D = Time resting spent in this place.
 E = Time spent auto-exploring this place.
 F = Levels seen in this place.
 G = Mean time per level.
                   A        B        C        D        E       F      G
               +--------+--------+--------+--------+--------+-----+--------+
         Total |   4010 |   3887 |    123 |    810 |   2520 |   4 | 1002.5 |
       Dungeon |   4010 |   3887 |    123 |    810 |   2520 |   4 | 1002.5 |
               +--------+--------+--------+--------+--------+-----+--------+

Top non-repeatable levels by time:
     D:3: 1259 daAuts
     D:2: 1055 daAuts
     D:1: 966 daAuts
     D:4: 728 daAuts
